 Dungeon Crawl Stone Soup version 0.24.0-1-gfbc8707122 (webtiles) character file.

Game seed: 391316468490222552, levelgen mode: deterministic

87 Mrkan the Skirmisher (level 4, -3/40 HPs)
             Began as a Minotaur Fighter on Oct 25, 2019.
             Slain by Natasha (5 damage)
             ... on level 2 of the Dungeon.
             The game lasted 00:01:03 (760 turns).

Mrkan the Skirmisher (Minotaur Fighter)              Turns: 760, Time: 00:01:03

Health: -3/40      AC:  8    Str: 22    XL:     4   Next: 28%
Magic:  3/3        EV:  7    Int:  5    God:
Gold:   44         SH:  9    Dex:  9    Spells: 3/3 levels left

rFire    . . .     SeeInvis .   a - +0 war axe
rCold    . . .     Gourm    .   c - +0 shield
rNeg     . . .     Faith    .   b - +0 scale mail
rPois    .         Spirit   .   (helmet restricted)
rElec    .         Reflect  .   r - +0 cloak
rCorr    .         Harm     .   (no gloves)
MR       .....                  (no boots)
Stlth    ..........             (no amulet)
HPRegen  0.13/turn              (no ring)
MPRegen  0.08/turn              (no ring)

@: no status effects
A: retaliatory headbutt, horns 2
a: no special abilities


You were on level 2 of the Dungeon.
You were not hungry.

You visited 1 branch of the dungeon, and saw 2 of its levels.

You collected 44 gold pieces.

Inventory:

Hand Weapons
 a - a +0 war axe (weapon)
Armour
 b - a +0 scale mail (worn)
 c - a +0 shield (worn)
 r - a +0 cloak (worn)
Scrolls
 e - a scroll of remove curse {unknown}
 k - a scroll of teleportation {unknown}
 n - 3 scrolls of identify {unknown}
 p - a scroll of fear {unknown}
 q - 2 scrolls of random uselessness {unknown}
Potions
 d - a potion of might
 g - a potion of agility {unknown}
 h - 2 potions of lignification {unknown}
 i - a potion of curing {unknown}
 j - a potion of invisibility {unknown}
 m - 2 potions of haste {unknown}
 o - a potion of heal wounds {unknown}
Comestibles
 f - 4 rations


   Skills:
 + Level 4.2 Fighting
 * Level 4.0 Axes
 + Level 4.2 Armour
 + Level 4.2 Shields


You had 3 spell levels left.
You didn't know any spells.
Your spell library was empty.

Dungeon Overview and Level Annotations

Branches:
Dungeon (2/15)

Altars:

Annotations:
D:2 Natasha


Innate Abilities, Weirdness & Mutations

You reflexively headbutt those who attack you in melee.
You have a pair of horns on your head.


Message History

You block the adder's attack.
Natasha mewls in sadness.
You block the adder's attack.
You closely miss the adder.
The adder is severely wounded.
Your scale mail prevents you from hitting Natasha.
You block the adder's attack. You block Natasha's attack.
The adder bites you but does no damage.
You barely miss Natasha. Your headbutt misses Natasha. You hit the adder.
You kill the adder!
Your Axes skill increases to level 4!
You block Natasha's attack. Natasha claws you.
* * * LOW HITPOINT WARNING * * *
You barely miss Natasha. Your headbutt misses Natasha.
Natasha claws you but does no damage.
Your shield prevents you from hitting Natasha.
You headbutt Natasha!
Natasha is severely wounded.
Natasha claws you.
You die...

......?.≈≈####≈≈.
.........≈≈≈≈≈≈..
#...............
####..≈≈..........
#......≈..........
#.................
#....?#.%..†.≈....
.##..<..†.≈≈≈...
#.[......@.#####..
#.........h...#
#######....##....
#....# ... ......
.. #.#####. #. ..
.. .


You could see Natasha.

Vanquished Creatures
  An iguana (D:2)
  Natasha (D:2)
  An adder (D:2)
  An ooze (D:1)
  A dart slug (D:1)
  A leopard gecko (D:2)
  2 giant cockroaches (D:1)
  3 goblins (D:1)
  2 hobgoblins (D:1)
  3 jackals (D:2)
  2 bats (D:1)
  A frilled lizard (D:1)
  2 rats (D:1)
21 creatures vanquished.

Notes
Turn   | Place    | Note
-------+----------+-------------------------------------------
     0 | D:1      | Mrkan the Minotaur Fighter began the quest for the Orb.
     0 | D:1      | Reached XP level 1. HP: 19/19 MP: 0/0
   290 | D:1      | Reached XP level 2. HP: 27/27 MP: 1/1
   733 | D:2      | Reached XP level 3. HP: 32/33 MP: 2/2
   734 | D:2      | Noticed Natasha
   746 | D:2      | Killed Natasha
   746 | D:2      | Reached XP level 4. HP: 10/40 MP: 3/3
   753 | D:2      | Noticed Natasha
   758 | D:2      | HP: 1/40 [Natasha (6)]
   760 | D:2      | Slain by Natasha

Levels and vault maps discovered:
D:1:      nzn_arrival_settlement, layout_basic, chequers_garden
D:2:      layout_rooms, serial_curves, eino_curves_02, eino_curves_04,
          eino_curves_01, eino_curves_04, kennysheep_decorative_pillar,
          uniq_natasha

Skill      XL: |  1  2  3  4 |
---------------+-------------+-----
Axes           | 3 4 |  4.0
Fighting       | 4 |  4.2
Armour         | 4 |  4.2
Shields        | 4 |  4.2

Action                   |  1- 3 |  4- 6 || total
-------------------------+-------+-------++-------
Melee: War axe           |    32 |    12 ||    44
       Headbutt          |     5 |     2 ||     7
Armor: Scale mail        |    19 |     7 ||    26
Dodge: Dodged            |    14 |     6 ||    20
Block: Shield            |    19 |     9 ||    28
